 Dungeon Crawl Stone Soup version 0.21.1-1-g345015fe64 (webtiles) character file.

1547 sigi the Destroyer (level 8, -7/41 HPs)
             Began as a Deep Elf Conjurer on Mar 31, 2018.
             Was a Believer of Sif Muna.
             Killed by the air
             ... invoked by thack's ghost
              (14 damage)
             ... on level 6 of the Dungeon.
             The game lasted 01:10:04 (8368 turns).

sigi the Destroyer (Deep Elf Conjurer)              Turns: 8368, Time: 01:10:04

Health: -7/41      AC:  7    Str: 10    XL:     8   Next: 57%
Magic:  13/22      EV: 13    Int: 23    God:    Sif Muna [**....]
Gold:   265        SH:  0    Dex: 15    Spells: 2/23 levels left

rFire    . . .     SeeInvis +   z - +2 quarterstaff (chaos)
rCold    . . .     Gourm    .   (shield currently unavailable)
rNeg     . . .     Faith    .   a - +1 robe
rPois    .         Spirit   .   (no helmet)
rElec    .         Reflect  .   F - +0 cloak
rCorr    .         Harm     .   q - +1 pair of gloves
MR       .....                  M - +0 pair of boots
Stlth    ++........             (no amulet)
HPRegen  0.13/turn              k - ring of see invisible
MPRegen  0.18/turn              l - ring of the Elephant {+Fly Str+5 Slay+2}

@: no status effects
A: no striking features
a: Divine Energy, Renounce Religion, Evoke Flight


You were on level 6 of the Dungeon.
You worshipped Sif Muna.
Sif Muna was pleased with you.
You were not hungry.

You visited 2 branches of the dungeon, and saw 8 of its levels.

You collected 265 gold pieces.

Inventory:

Hand Weapons
 z - a +2 quarterstaff of chaos (weapon)
 D - a +2 whip of flaming
Missiles
 b - 5 curare-tipped needles
 v - 27 poisoned needles
 y - 5 tomahawks of dispersal (quivered)
 L - 27 sling bullets
Armour
 a - a +1 robe (worn)
 q - a +1 pair of gloves (worn)
 F - a +0 cloak (worn)
 M - a +0 pair of boots (worn)
Jewellery
 k - a ring of see invisible (left hand)
 l - the ring of the Elephant (right hand) {+Fly Str+5 Slay+2}
   (You found it on level 4 of the Dungeon)

   [ring of flight]

   It affects your strength (+5).
   It affects your accuracy and damage with ranged weapons and melee attacks
   (+2).
   It lets you fly.
Wands
 E - a wand of polymorph (20)
Scrolls
 e - a scroll of noise {unknown}
 f - a scroll of identify
 g - a scroll of blinking
 u - a scroll of fear
 G - 2 scrolls of remove curse
Potions
 d - a potion of degeneration {unknown}
 j - 4 potions of haste {unknown}
 n - a potion of lignification
 p - 2 potions of brilliance {unknown}
 r - 2 potions of curing {unknown}
 s - a potion of might
 w - 2 potions of mutation {unknown}
 B - a potion of agility
 C - 2 potions of heal wounds {unknown}
 J - a potion of cancellation
Comestibles
 c - 10 rations


   Skills:
 - Level 2.4 Dodging
 - Level 2.5 Stealth
 + Level 8.3 Spellcasting
 - Level 10.0 Conjurations
 * Level 2.6 Hexes
 + Level 2.6 Evocations


You had 2 spell levels left.
You knew the following spells:

 Your Spells              Type           Power        Failure   Level  Hunger
a - Magic Dart            Conj           ####         1%          1    None
b - Dazzling Spray        Conj/Hex       #####.       1%          3    None
c - Searing Ray           Conj           ######       1%          2    None
d - Iskenderun's Mystic   Conj           ######..     1%          4    ##.....
e - Summon Small Mammal   Summ           #...         7%          1    None
f - Confuse               Hex            ###.....     7%          3    None
g - Fulminant Prism       Conj/Hex       #####.....   4%          4    ##.....
h - Tukima's Dance        Hex            ###.....     7%          3    None


Dungeon Overview and Level Annotations

Branches:
Dungeon (7/15)             Temple (1/1) D:6

Altars:
Ashenzari
Cheibriados
Dithmenos
Elyvilon
Fedhas
Gozag
Hepliaklqana
Kikubaaqudgha
Makhleb
Okawaru
Qazlal
Ru
Sif Muna
Trog
Uskayaw
Vehumet
Wu Jian
Xom
Yredelemnul
Zin
The Shining One

Annotations:
D:6 thack's ghost, novice TeAE


Message History

Casting: Fulminant Prism
Confirm with . or Enter, or press ? or * to list all spells.
Aiming: Magic Dart
Press: ? - help, Shift-Dir - straight line, f - thack's ghost
Aim: thack's ghost, wielding a weapon of electrocution (severely damaged, covering ground quickly)
The magic dart hits thack's ghost.
Thack's ghost is almost destroyed.
Thack's ghost casts a spell at you. The zap hits you!
* * * LOW HITPOINT WARNING * * *
Casting: Magic Dart
Confirm with . or Enter, or press ? or * to list all spells.
Aiming: Magic Dart
Press: ? - help, Shift-Dir - straight line, f/p - thack's ghost
Aim: thack's ghost, wielding a weapon of electrocution (almost destroyed, covering ground quickly)
The magic dart hits thack's ghost.
Thack's ghost is almost destroyed.
Thack's ghost waves its arms in wide circles.
The air twists around and strikes you!
You die...

#.# ###### #.........##.##
#.##############.........##..#
#........................##...
######.......##..........##..#
#........#..........##..#
#...................##...
#........#############...
#........# #... ########@#
#..# #.# #..# ##.####### #..#
#.....(... #..# #.........
#..# #......... #...
#.W....... .####.##
##.####..........#.
######.####..........#.


You could see thack's ghost.

Vanquished Creatures
  Pikel (D:5)
  A phantom (D:4)
  2 slaves (D:5)
  2 sky beasts (D:6)
  A centaur (D:5)
  A bullfrog (D:5)
  A hound (D:4)
  An orc priest (D:4)
  4 orc wizards
  Crazy Yiuf (D:5)
  A centaur skeleton (D:6)
  The ghost of FTLSpaceWarp the Vexing, a weakling FeEn (D:3)
  An iguana (D:5)
  Natasha (thrice) (D:4)
  5 worker ants
  A hound skeleton (D:4)
  4 gnolls (D:6)
  8 adders
  2 oozes
  A worm (D:2)
  3 dart slugs
  4 leopard geckos
  17 orcs
  9 bats
  5 giant cockroaches
  4 goblins
  9 hobgoblins
  3 jackals
  2 quokkas (D:3)
  3 frilled lizards
  6 kobolds
  A leopard gecko skeleton (D:6)
  A quokka skeleton (D:4)
  7 rats
116 creatures vanquished.

Vanquished Creatures (others)
  2 slaves (D:5)
  An orc priest (D:5)
  2 orcs (D:5)
  A giant cockroach zombie (D:5)
  2 fulminant prisms (D:6)
8 creatures vanquished.

Grand Total: 124 creatures vanquished

Notes
Turn   | Place    | Note
-------+----------+-------------------------------------------
     0 | D:1      | sigi the Deep Elf Conjurer began the quest for the Orb.
     0 | D:1      | Reached XP level 1. HP: 10/10 MP: 6/6
   156 | D:1      | Reached XP level 2. HP: 15/15 MP: 5/8
   274 | D:1      | Found a shattered altar of Ashenzari.
   306 | D:1      | Reached skill level 5 in Conjurations
   704 | D:1      | Reached XP level 3. HP: 19/19 MP: 5/9
   767 | D:2      | Learned a level 3 spell: Dazzling Spray
   992 | D:2      | Found a shimmering altar of Xom.
  1347 | D:1      | Found a shattered altar of Ashenzari.
  2102 | D:3      | Noticed FTLSpaceWarp's ghost (weakling FeEn)
  2104 | D:3      | Killed FTLSpaceWarp's ghost
  2104 | D:3      | Reached XP level 4. HP: 24/24 MP: 7/12
  2109 | D:3      | Learned a level 2 spell: Searing Ray
  2114 | D:3      | Learned a level 4 spell: Iskenderun's Mystic Blast
  2146 | D:2      | Reached skill level 6 in Conjurations
  2173 | D:2      | Learned a level 1 spell: Summon Small Mammal
  2323 | D:2      | Found a deep blue altar of Sif Muna.
  2329 | D:2      | Became a worshipper of Sif Muna the Loreminder
  2698 | D:2      | Found a shimmering altar of Xom.
  2738 | D:2      | Found a deep blue altar of Sif Muna.
  3123 | D:5      | Entered Level 5 of the Dungeon
  3154 | D:3      | Found a blossoming altar of Fedhas.
  3204 | D:3      | Found a bloodstained altar of Trog.
  3224 | D:3      | Reached XP level 5. HP: 28/28 MP: 4/13
  3252 | D:3      | Found a radiant altar of Vehumet.
  3314 | D:3      | Found a white marble altar of Elyvilon.
  4075 | D:3      | Found a radiant altar of Vehumet.
  4077 | D:3      | Found a white marble altar of Elyvilon.
  4078 | D:3      | Found a bloodstained altar of Trog.
  4092 | D:3      | Found a blossoming altar of Fedhas.
  4377 | D:4      | Reached skill level 5 in Spellcasting
  4503 | D:4      | Got a brightly glowing amber ring
  4504 | D:4      | Identified the ring of the Elephant {+Fly Str+5 Slay+2} (You found it on level 4 of the Dungeon)
  4562 | D:4      | Reached skill level 7 in Conjurations
  4562 | D:4      | Reached XP level 6. HP: 32/32 MP: 10/15
  4666 | D:4      | Reached * piety under Sif Muna
  5155 | D:4      | Noticed Natasha
  5160 | D:4      | Killed Natasha
  5452 | D:5      | Reached skill level 8 in Conjurations
  5452 | D:5      | Reached XP level 7. HP: 15/36 MP: 8/18
  5648 | D:4      | Noticed Natasha
  5653 | D:4      | Killed Natasha
  5796 | D:4      | Noticed Natasha
  5798 | D:4      | Killed Natasha
  5883 | D:5      | Noticed Pikel
  6286 | D:5      | Killed Pikel
  6286 | D:5      | Reached ** piety under Sif Muna
  6286 | D:5      | Reached skill level 9 in Conjurations
  6286 | D:5      | Reached XP level 8. HP: 30/41 MP: 6/21
  6785 | D:5      | Found an ornate altar of the Wu Jian Council.
  6869 | D:5      | Found a runed door.
  6873 | D:5      | Noticed Crazy Yiuf
  6877 | D:5      | Killed Crazy Yiuf
  7204 | D:6      | Reached skill level 1 in Evocations
  7592 | D:6      | Reached skill level 10 in Conjurations
  7601 | D:6      | Learned a level 3 spell: Confuse
  7606 | D:6      | Learned a level 4 spell: Fulminant Prism
  7610 | D:6      | Learned a level 3 spell: Tukima's Dance
  7858 | D:6      | Found a staircase to the Ecumenical Temple.
  7868 | Temple   | Entered the Ecumenical Temple
  8348 | D:6      | Noticed thack's ghost (novice TeAE)
  8368 | D:6      | Killed from afar by thack's ghost

Skill      XL: |  1  2  3  4  5  6  7  8 |
---------------+-------------------------+-----
Conjurations   | 5 6 7 8 9 10 | 10.0
Spellcasting   | 4 5 6 7 8 |  8.3
Evocations     | 2 |  2.6
Hexes          | 2 |  2.6
Dodging        | |  2.4
Stealth        | |  2.5

Action                   |  1- 3 |  4- 6 |  7- 9 || total
-------------------------+-------+-------+-------++-------
Melee: Whip              |     5 |       |     5 ||    10
       Quarterstaff      |       |       |     6 ||     6
 Cast: Magic Dart        |    72 |   107 |    80 ||   259
       Searing Ray       |       |    11 |    11 ||    22
       Dazzling Spray    |       |     3 |     3 ||     6
       Iskenderun's Myst |       |       |     4 ||     4
       Confuse           |       |       |     2 ||     2
       Fulminant Prism   |       |       |     2 ||     2
 Abil: Evoke Flight      |       |     1 |       ||     1
  Use: Potion            |     1 |       |       ||     1
       Scroll            |     5 |     2 |     7 ||    14
  Eat: Chunk             |     3 |    10 |     4 ||    17
       Ration            |       |       |     2 ||     2
Armor: Robe              |     4 |    18 |    12 ||    34
Dodge: Dodged            |    15 |    42 |    15 ||    72
